AoeStats
← Miss_Mulberry

Arabia

510516454Analyzed
1v1 RM · 15h ago on Oct 1, 2026· 44m 55s· 2 players
Game mode
Random Map
Map size
Tiny (2 player)
Population
200
Speed
Normal
Resources
Standard
Victory
Conquest
Starting age
Dark Age
Ending age
Imperial Age
RankedLock teamsTeams togetherTeam positionsShared explorationLock speedFull tech treeHidden civsTurbo modeCheats
Victory
Defeat
🇿🇦 Mongols · South Africa
939
+16
🇩🇪 Britons · Germany
934
-16
Miss_Mulberry
6:54 Loom
9:21 Feudal Age
11:49 Double-Bit Axe
20:14 Fletching
25:26 Castle Age
23:56 Horse Collar
24:57 Wheelbarrow
25:28 Crossbowman
26:06 Bodkin Arrow
26:29 Padded Archer Armor
30:58 Leather Archer Armor
36:28 Ballistics
36:32 Gold Mining
36:33 Stone Mining
37:07 Bow Saw
39:38 Yeomen
GreenBeret
6:44 Loom
9:09 Feudal Age
12:07 Double-Bit Axe
12:03 Horse Collar
12:40 Forging
20:05 Gold Mining
20:31 Scale Barding Armor
23:12 Castle Age
22:47 Bloodlines
23:30 Fletching
23:54 Light Cavalry
24:43 Husbandry
25:11 Bodkin Arrow
25:50 Ballistics
25:00 Light Cavalry
29:27 Gold Shaft Mining
29:59 Bow Saw
31:06 Thumb Ring
31:58 Wheelbarrow
35:03 Heavy Plow
34:35 Elite Skirmisher
41:16 Imperial Age
42:59 Parthian Tactics
43:22 Elite Mangudai
45:15 Chemistry
Connection lost

Rejoining the realm…

Still unreachable

The connection could not be restored.

Session expired

The server has moved on; the page needs a fresh start.